 Dungeon Crawl Stone Soup version 0.28.0-53-g5a82cb258f (webtiles) character file.

Game seed: 11349684859719721466

53 ZappyNine the Skirmisher (level 3, -1/39 HPs)
             Began as an Ogre Transmuter on May 23, 2022.
             Slain by a gnoll
             ... wielding a +0 whip
              (5 damage)
             ... on level 1 of the Dungeon.
             The game lasted 00:01:23 (1836 turns).

ZappyNine the Skirmisher (Ogre Transmuter)          Turns: 1836, Time: 00:01:23

Health: -1/39      AC:  3    Str: 16    XL:     3   Next: 87%
Magic:  4/6        EV:  9    Int: 14    God:
Gold:   16         SH:  0    Dex:  9    Spells: 0/6 levels left

rFire   . . .      SeeInvis .   e - +0 club
rCold   . . .      Faith    .   (no shield)
rNeg    . . .      Spirit   .   a - +0 robe
rPois   .          Reflect  .   (helmet restricted)
rElec   .          Harm     .   (no cloak)
rCorr   .          Rampage  .   (gloves unavailable)
Will    .....                   (boots unavailable)
Stlth   +.........              (no amulet)
HPRegen 0.13/turn               (no ring)
MPRegen 0.10/turn               (no ring)

@: wereblooded
A: large, unfitting armour, tough skin 1
a: no special abilities


You were on level 1 of the Dungeon.
You visited 1 branch of the dungeon, and saw 2 of its levels.

You collected 16 gold pieces.

Inventory:

Hand Weapons
 e - a +0 club (weapon)
Armour
 a - a +0 robe (worn)
Scrolls
 b - a scroll of brand weapon {unknown}
 c - a scroll of enchant armour {unknown}
 d - 2 scrolls of identify {unknown}
 f - 2 scrolls of vulnerability {unknown}
 g - a scroll of noise {unknown}


   Skills:
 * Level 4.0 Fighting
 - Level 1.7 Dodging
 + Level 3.3 Unarmed Combat
 - Level 2.4 Spellcasting
 - Level 1.7 Transmutations


You couldn't memorise any spells.
You knew the following spells:

 Your Spells              Type           Power      Damage    Failure   Level
a - Beastly Appendage     Tmut           12%        N/A       11%         1
b - Wereblood             Tmut           6%         N/A       17%         2
c - Spider Form           Tmut/Pois      4%         N/A       43%         3

Your spell library contained the following spells:

 Spells                   Type           Power      Damage    Failure   Level
 Ice Form                 Ice/Tmut       4%         N/A       85%         4
 Animate Dead             Necr           0%         N/A       92%         4
 Haunt                    Necr/Summ      0%         N/A       100%        7
 Infestation              Necr           0%         N/A       100%        8


Dungeon Overview and Level Annotations

Branches:
Dungeon (2/15)

Altars:


Innate Abilities, Weirdness & Mutations

You are too large for most types of armour.
You have tough skin. (AC +1)


Message History

The gnoll is lightly wounded.
The gnoll barely misses you. x2
You hit the gnoll. You claw the gnoll.
The gnoll is moderately wounded.
Your transformation is almost over.
The gnoll barely misses you. x2; The gnoll hits you with a +0 flail.
You hit the gnoll. You claw the gnoll.
You feel a bit better.
You kill the gnoll!
Your Fighting skill increases to level 4!
You hit the gnoll. You claw the gnoll, but do no damage.
The gnoll is moderately wounded.
The gnoll hits you with a +0 whip.
You hit the gnoll but do no damage.
The gnoll is moderately wounded.
The gnoll barely misses you. The gnoll hits you with a +0 whip.
The gnoll hits you from afar with a +0 spear.
You hit the gnoll. You claw the gnoll.
The gnoll is heavily wounded.
The gnoll barely misses you. x2
Unknown command.
You hit the gnoll but do no damage.
The gnoll is heavily wounded.
You howl as the wereblood boils in your veins!
You hear an angry hiss.
The gnoll closely misses you.
The gnoll hits you from afar with a +0 spear.
* * * LOW HITPOINT WARNING * * *
The gnoll hits you with a +0 whip.
* * * LOW HITPOINT WARNING * * *
There is an escape hatch in the ceiling here.
Unknown command.
Unknown command.
A mysterious force pulls you upwards. The hatch slams shut behind you.
Your horns disappear.
Your talons disappear.
Unknown command.
Unknown command.
You closely miss the gnoll.
The gnoll is heavily wounded.
The gnoll hits you with a +0 whip.
You die...

#....#.# #..#
#.#..........# ##
#..#...###..#
#......>.....#
.####....#..##..#
###..........#
.##....#........##
##........##
.##.##...#..##...#
#####.##...##
.##.####...###.#.#
#..........# # .##.#
##### #.#.#
#.#######..# #
.##.##### ##.#.# #.#
#..### ........#
##.#.@# #.# #..##.
.##.###.####.###g###.#
####..##. .##.#
#.#...## ##.##.#
#........
.##.###.#.##.###.###.#
#.##...##
...)......###.#.## #.#
#.##....# ###.###.###
##.## #.# #.##..>.. #
#.# #.# #.#
#.####.#......
###.###.# #.#
#.............
........#
#.##########.....(..


You could see a gnoll.

Vanquished Creatures
  2 adders (D:2)
  A gnoll (D:2)
  5 bats
  An endoplasm (D:1)
  4 giant cockroaches
  3 goblins (D:1)
  4 kobolds
  A quokka (D:1)
  4 ball pythons
  A rat (D:2)
26 creatures vanquished.

Notes
Turn   | Place    | Note
-------+----------+-------------------------------------------
     0 | D:1      | ZappyNine the Ogre Transmuter began the quest for the Orb.
     0 | D:1      | Reached XP level 1. HP: 19/19 MP: 3/3
   224 | D:1      | Reached skill level 2 in Fighting
   326 | D:1      | Reached XP level 2. HP: 16/28 MP: 5/5
  1067 | D:2      | Reached skill level 3 in Fighting
  1069 | D:2      | Reached XP level 3. HP: 2/37 MP: 6/6
  1069 | D:2      | HP: 1/37 [poisoned by an adder]
  1388 | D:2      | Learned a level 2 spell: Wereblood
  1392 | D:2      | Learned a level 3 spell: Spider Form
  1626 | D:2      | Found a faded altar of an unknown god.
  1829 | D:2      | Reached skill level 4 in Fighting
  1836 | D:1      | Slain by a gnoll

Illustrated notes

Levels and vault maps discovered:
D:1:      minmay_arrival_open_corners, layout_loops_ring, hex_large,
          minmay_misc_feat_pillars
D:2:      layout_loops_cross, basic_ecumenical_altar, st_stairs_12

Skill      XL: |  1  2  3 |
---------------+----------+-----
Fighting       | 2 3 4 |  4.0
Unarmed Combat | 3 |  3.3
Dodging        | |  1.7
Spellcasting   | |  2.4
Transmutations | |  1.7

Action                   || total
-------------------------++-------
Melee: Unarmed           ||    36
       Kick              ||     7
       Club              ||    77
       Punch             ||     3
 Cast: Beastly Appendage ||     4
       Wereblood         ||     2
  Use: Potion            ||     2
Armor: Robe              ||    45
Dodge: Dodged            ||    71
